 Dungeon Crawl Stone Soup version 0.28.0-53-g5a82cb258f (webtiles) character file.

Game seed: 16976462378696957100

95530 mistmaker the Stormcaller (level 16, -1/101 HPs)
             Began as a Tengu Air Elementalist on Aug 2, 2022.
             Was a High Priest of Vehumet.
             Slain by a +10 dire flail "Zoehe" {chaos, rC+ Int+4} (23 damage)
             ... on level 6 of the Lair of Beasts.
             The game lasted 01:19:25 (32179 turns).

mistmaker the Stormcaller (Tengu Air Elementalist) Turns: 32179, Time: 01:19:26

Health: -1/101     AC: 13    Str: 10    XL:     16   Next: 14%
Magic:  20/32      EV: 31    Int: 22    God:    Vehumet [*****.]
Gold:   1497       SH:  0    Dex: 15    Spells: 20/37 levels left

rFire   + + .      SeeInvis .   (weapon currently unavailable)
rCold   + + .      Faith    .   (shield currently unavailable)
rNeg    + + +      Spirit   .   (armour currently unavailable)
rPois   ∞          Reflect  .   (helmet currently unavailable)
rElec   +          Harm     .   (cloak currently unavailable)
rCorr   +          Rampage  .   (gloves currently unavailable)
Will    +....                   (boots unavailable)
Stlth   ++........              (amulet currently unavailable)
HPRegen 0.26/turn               (ring currently unavailable)
MPRegen 0.23/turn               (ring currently unavailable)

@: sluggish, wisp-form, flying quickly and evasively, very slow
A: insubstantial, flying, no casting, tiny, (beak), (talons 3), nimble flight
a: Renounce Religion


You were on level 6 of the Lair of Beasts.
You worshipped Vehumet.
Vehumet was extremely pleased with you.
You were an insubstantial wisp.
You visited 3 branches of the dungeon, and saw 18 of its levels.
You also visited: Bailey and Volcano.

You collected 1497 gold pieces.

Inventory:

Hand Weapons
 a - a +4 vampiric dagger (melded)
Armour
 k - a +0 cloak (melded)
 p - a +1 pair of gloves of stealth (melded)
 v - a +2 leather armour of fire resistance (melded)
 F - a +2 kite shield of protection (melded)
Jewellery
 b - an amulet of regeneration
 c - a ring of willpower
 f - a ring of positive energy (melded)
 m - a ring of ice
 N - an amulet of magic regeneration (melded)
 O - a ring of protection from cold (melded)
Wands
 x - a wand of iceblast (7)
 y - a wand of mindburst (13)
 C - a wand of polymorph (4)
 L - a wand of acid (2)
Scrolls
 o - 2 scrolls of fog
 r - a scroll of torment {unknown}
 s - 7 scrolls of teleportation
 t - a scroll of amnesia
 u - a scroll of acquirement {unknown}
 A - a scroll of enchant weapon
 E - 2 scrolls of fear {unknown}
 H - 5 scrolls of blinking
 K - a scroll of silence {unknown}
 M - 2 scrolls of magic mapping
Potions
 d - 3 potions of cancellation
 e - a potion of magic
 g - 2 potions of haste
 h - 4 potions of heal wounds
 i - 11 potions of curing
 j - 7 potions of berserk rage
 l - a potion of brilliance
 n - a potion of mutation
 q - a potion of resistance
 z - 2 potions of lignification
 B - 3 potions of flight {unknown}
 D - 3 potions of might
 J - a potion of degeneration {unknown}


   Skills:
 + Level 11.7 Fighting
 - Level 4.0 Armour
 - Level 10.0 Dodging
 - Level 2.0 Stealth
 + Level 8.7 Shields
 + Level 11.0 Spellcasting
 + Level 14.9 Conjurations
 + Level 2.3 Necromancy
 - Level 4.4 Fire Magic
 - Level 3.6 Ice Magic
 + Level 15.5 Air Magic


You had 20 spell levels left.
You knew the following spells:

 Your Spells              Type           Power      Damage    Failure   Level
a - Shock                 Conj/Air       100%       1d9       0%          1
b - Static Discharge      Conj/Air       68%        N/A       0%          2
c - Airstrike             Air            34%        N/A       1%          4
d - Lightning Bolt        Conj/Air       34%        1d51      1%          5
i - Swiftness             Air            69%        N/A       1%          3
l - Sublimation of Blood  Necr           22%        N/A       3%          2

Your spell library contained the following spells:

 Spells                   Type           Power      Damage    Failure   Level
 Olgreb's Toxic Radiance  Pois           12%        N/A       14%         4
 Pain                     Necr           88%        1d8       1%          1
 Conjure Flame            Conj/Fire      53%        6-21      1%          3
 Inner Flame              Hex/Fire       21%        N/A       1%          3
 Stone Arrow              Conj/Erth      90%        3d12      1%          3
 Fulminant Prism          Conj/Hex       22%        3d13      1%          4
 Iskenderun's Mystic Bla  Conj/Tloc      45%        2d10      1%          4
 Sticky Flame             Conj/Fire      53%        2d7       1%          4
 Irradiate                Conj/Tmut      22%        3d20      1%          5
 Ignite Poison            Fire/Tmut/Pois 18%        N/A       2%          3
 Beastly Appendage        Tmut           24%        N/A       5%          1
 Wereblood                Tmut           12%        N/A       9%          2
 Iron Shot                Conj/Erth      22%        9d5       11%         6
 Portal Projectile        Hex/Tloc       24%        N/A       16%         3
 Spider Form              Tmut/Pois      12%        N/A       16%         3
 Summon Ice Beast         Ice/Summ       20%        N/A       26%         4
 Lee's Rapid Deconstruct  Erth           6%         3d7*      36%         5
 Animate Armour           Summ/Erth      24%        N/A       47%         4
 Cause Fear               Hex            6%         N/A       47%         4
 Leda's Liquefaction      Hex/Erth       6%         N/A       47%         4
 Petrify                  Tmut/Erth      12%        N/A       47%         4
 Agony                    Necr           22%        N/A       50%         5
 Excruciating Wounds      Necr           11%        N/A       50%         5
 Blade Hands              Tmut           6%         N/A       83%         5
 Summon Mana Viper        Hex/Summ       12%        N/A       83%         5
 Lehudib's Crystal Spear  Conj/Erth      22%        10d6      97%         8
 Statue Form              Tmut/Erth      8%         N/A       100%        6
 Monstrous Menagerie      Summ           6%         N/A       100%        7
 Discord                  Hex            6%         N/A       100%        8


Dungeon Overview and Level Annotations

Branches:
Dungeon (11/15)            Temple (1/1) D:6            Lair (6/6) D:11
  Swamp (0/4) Lair:4       Spider (0/4) Lair:2        Slime (0/5) Lair:6
 Bailey (visited)         Volcano (visited)
    Orc: D:9-12

Altars:
Ashenzari
Cheibriados
Dithmenos
Elyvilon
Fedhas
Gozag
Hepliaklqana
Kikubaaqudgha
Makhleb
Nemelex Xobeh
Okawaru
Qazlal
Ru
Sif Muna
Trog
Uskayaw
Vehumet
Wu Jian
Xom
Yredelemnul
Zin
The Shining One

Shops:
D:4 *   D:7 *   D:8 *

Annotations:
D:11 2 transporters


Innate Abilities, Weirdness & Mutations

You are an insubstantial wisp.
Your tiny insubstantial body is highly resistant to most damage types.
You are flying.
Your equipment is entirely melded.
You are incapable of wielding weapons or throwing items.
You cannot cast spells.
((You have a beak for a mouth.))
((You have claws for feet.))
Your magical nature lets you fly swiftly and evasively.


Message History

An open translucent door.
The +10 dire flail "Zoehe" {chaos, rC+ Int+4} hits you!
Casting: Lightning Bolt (mildly dangerous; 1% risk of failure)
Confirm with . or Enter, or press ? or * to list all spells.
You feel quick.
The +10 dire flail "Zoehe" {chaos, rC+ Int+4} hits you.
The +10 dire flail "Zoehe" {chaos, rC+ Int+4} burns you.
You block the +10 dire flail "Zoehe" {chaos, rC+ Int+4}'s attack.
There is an escape hatch in the ceiling here.
You block the +10 dire flail "Zoehe" {chaos, rC+ Int+4}'s attack.
The +10 dire flail "Zoehe" {chaos, rC+ Int+4} hits you!
You are electrocuted!
You start to feel a little slower.
The +10 dire flail "Zoehe" {chaos, rC+ Int+4} hits you!!
You turn into an insubstantial wisp.
Your +4 vampiric dagger melds into your body.
Your +0 cloak melds into your body.
Your +1 pair of gloves of stealth melds into your body.
Your +2 kite shield of protection melds into your body.
Your +2 leather armour of fire resistance melds into your body.
Your ring of positive energy melds into your body.
Your ring of protection from cold melds into your body.
Your amulet of magic regeneration melds into your body.
You feel the dreadful sensation subside.
You feel less stealthy.
You feel less protected.
You feel less resistant to fire.
You see here a +0 morningstar.
Press: ? - help, v - describe, . - travel, g - get item
Here: a +10 dire flail "Zoehe" {chaos, rC+ Int+4} Item here: a +0 morningstar.
The floor.
Unknown command.
The +10 dire flail "Zoehe" {chaos, rC+ Int+4} hits you!!
* * * LOW HITPOINT WARNING * * *
The +10 dire flail "Zoehe" {chaos, rC+ Int+4} burns you.
* * * LOW HITPOINT WARNING * * *
You feel much better.
You feel sluggish.
The +10 dire flail "Zoehe" {chaos, rC+ Int+4} hits you!!
You die...

♣♣♣♣♣♣♣..♣..#####.......##
.♣♣.♣..♣♣♣♣## #.........#
.....♣♣♣ #........##
.....♣♣ ##.......##
...♣♣.♣♣ #........#
♣♣♣♣♣♣.♣ ###........## ♣♣♣
♣♣.♣ ♣♣♣♣.###.#.<...#
..♣♣♣.♣♣♣♣..##..##......#
...♣.)♣........(v......##
.....#.................##
.....###...#....#.......#
.##...###...)...#....####
...P..........P.##....##
#............P.........#
##....................##
##..........#........##
####........##.##......#


You could see a +10 dire flail "Zoehe" {chaos, rC+ Int+4}.

Vanquished Creatures
  A stone giant (Volcano)
  A fire dragon (Lair:6)
  The ghost of mistmaker the Zephyrmancer, a journeyman TeAE of Vehumet (Lair:6)
  11 hydras
  4 boulder beetles
  A catoblepas (Lair:3)
  3 two-headed ogres
  A death yak (Lair:5)
  A centaur warrior (D:10)
  The ghost of bworf the Fighter, a novice HOFi of Okawaru (D:8)
  The ghost of 101zpm the Thaumaturge, a novice DjFE of Hepliaklqana (D:9)
  2 deep elf pyromancers
  A lindwurm (Lair:6)
  Pikel (D:6)
  6 oklob plants (Lair:6)
  4 ugly things
  The ghost of kalagan the Magician, a novice DECj of Sif Muna (D:6)
  2 manticores
  3 cyclopes
  6 elephants (Lair:3)
  2 molten gargoyles (Lair:6)
  3 gargoyles
  7 black mambas
  A torpor snail (Lair:4)
  9 cane toads
  2 unseen horrors
  15 komodo dragons
  6 rime drakes
  2 efreet
  5 trolls
  A meliai (Lair:2)
  22 blink frogs
  7 polar bears
  2 dream sheep (Lair:5)
  A shadow (D:10)
  2 vampires (Bailey)
  A wraith (D:10)
  11 wyverns
  4 basilisks
  27 yaks
  A steam dragon (D:9)
  4 vampire mosquitoes (D:10)
  2 wargs (D:11)
  A swamp worm (Lair:4)
  2 acid dragons (D:10)
  7 hell hounds
  23 water moccasins
  A hornet zombie (D:8)
  6 orc warriors
  A sky beast (D:6)
  2 black bears
  2 ice beasts
  A necrophage (D:6)
  11 wolves
  4 boggarts (Lair:6)
  2 ogres (D:6)
  7 centaurs
  A kobold brigand (D:10)
  3 earth elementals (Volcano)
  14 bullfrogs
  3 wyvern zombies (D:8)
  A gnoll sergeant (D:10)
  6 scorpions
  A wyvern skeleton (D:6)
  23 killer bees
  9 wights
  7 vampire bats (Bailey)
  An electric eel (Lair:3)
  5 howler monkeys
  5 wolf zombies (Bailey)
  2 bullfrog zombies (D:6)
  6 hounds
  5 lava snakes (Lair:6)
  7 centaur zombies
  A bullfrog skeleton (D:6)
  A centaur skeleton (D:4)
  A human zombie (D:8)
  2 jellies (D:7)
  2 gnoll shamans
  4 orc priests
  Jessica (D:3)
  4 iguanas
  8 orc wizards
  A hell rat (Lair:2)
  A killer bee zombie (D:6)
  A hound skeleton (D:5)
  2 mummies (D:8)
  2 howler monkey zombies (D:8)
  Robin (D:2)
  14 gnolls
  9 adders
  A howler monkey skeleton (D:7)
  19 orc zombies (Bailey)
  2 shadow imps (D:6)
  An adder skeleton (D:4)
  2 worms
  2 dart slugs
  21 orcs
  11 bats
  6 endoplasms
  2 giant cockroaches
  14 goblins
  14 hobgoblins
  4 quokkas
  3 ball pythons
  5 frilled lizards
  23 kobolds
  3 rats
546 creatures vanquished.

Vanquished Creatures (collateral kills)
  A kobold brigand (D:8)
  An orc (D:8)
  A kobold (D:8)
3 creatures vanquished.

Vanquished Creatures (others)
  45 fungi
  53 plants
98 creatures vanquished.

Grand Total: 647 creatures vanquished

Notes
Turn   | Place    | Note
-------+----------+-------------------------------------------
     0 | D:1      | mistmaker the Tengu Air Elementalist began the quest for
                  | the Orb.
     0 | D:1      | Reached XP level 1. HP: 10/10 MP: 4/4
   314 | D:1      | Reached XP level 2. HP: 16/16 MP: 0/6
  1071 | D:2      | Reached XP level 3. HP: 20/20 MP: 5/7
  1074 | D:2      | Learned a level 2 spell: Static Discharge
  1078 | D:2      | Learned a level 3 spell: Swiftness
  1181 | D:2      | Reached skill level 1 in Fighting
  1455 | D:2      | Reached XP level 4. HP: 25/25 MP: 4/8
  1721 | D:2      | Noticed Robin
  1750 | D:2      | Killed Robin
  2406 | D:2      | Gained mutation: Your magical nature lets you fly swiftly
                  | and evasively. [Tengu growth]
  2406 | D:2      | Reached XP level 5. HP: 25/30 MP: 1/10
  2497 | D:3      | Reached skill level 5 in Air Magic
  2903 | D:3      | Reached XP level 6. HP: 35/35 MP: 6/11
  3224 | D:3      | Found a stormy altar of Qazlal.
  3251 | D:3      | Found an iron altar of Okawaru.
  3340 | D:3      | Noticed Jessica
  3353 | D:3      | Killed Jessica
  3402 | D:3      | You are sucked into a shaft and drop 2 floors!
  3402 | D:5      | Entered Level 5 of the Dungeon
  3508 | D:4      | Reached skill level 1 in Armour
  3749 | D:4      | Found Aryrynu's Assorted Antiques.
  4194 | D:4      | Reached XP level 7. HP: 37/40 MP: 3/13
  4990 | D:5      | Reached skill level 6 in Air Magic
  5375 | D:5      | Reached XP level 8. HP: 46/46 MP: 9/14
  5918 | D:6      | Found a staircase to the Ecumenical Temple.
  5926 | D:6      | Reached skill level 5 in Conjurations
  6040 | Temple   | Entered the Ecumenical Temple
  6177 | Temple   | Became a worshipper of Vehumet
  6298 | D:6      | Found a glowing silver altar of Zin.
  6441 | D:6      | Learned a level 4 spell: Airstrike
  6510 | D:6      | Found a runed translucent gate.
  6511 | D:6      | Found a runed translucent gate.
  6511 | D:6      | Noticed kalagan's ghost (novice DECj)
  6522 | D:6      | Found a runed translucent gate.
  6528 | D:6      | Reached skill level 5 in Dodging
  6633 | D:6      | Reached skill level 7 in Air Magic
  7169 | D:6      | Found a stormy altar of Qazlal.
  7286 | D:6      | Reached XP level 9. HP: 52/52 MP: 10/17
  7381 | D:6      | Noticed Pikel
  7389 | D:6      | Killed Pikel
  7390 | D:6      | Reached skill level 5 in Spellcasting
  7638 | D:6      | Reached skill level 5 in Fighting
  7680 | D:6      | Found a shimmering blue altar of Sif Muna.
  7683 | D:6      | Reached skill level 8 in Air Magic
  8598 | D:7      | Found an opulent altar of Gozag.
  8925 | D:7      | Found Anamnoif's Elemental Accessories.
  8927 | D:7      | Noticed a cyclops
  8932 | D:7      | Killed a cyclops
  9005 | D:7      | Reached XP level 10. HP: 60/60 MP: 2/19
  9524 | D:8      | Found a runed translucent door.
  9660 | D:8      | Reached skill level 9 in Air Magic
  9693 | D:8      | Reached * piety under Vehumet
  9693 | D:8      | Offered knowledge of Magic Dart by Vehumet.
  9714 | D:8      | Found a flagged portal.
  9720 | Bailey   | Entered a bailey
 10314 | Bailey   | Noticed a gargoyle
 10318 | Bailey   | Killed a gargoyle
 11692 | Bailey   | Offered knowledge of Poisonous Vapours by Vehumet.
 11809 | Bailey   | Identified the +1 robe of Lilacs {rN+}
 11934 | D:8      | Reached ** piety under Vehumet
 12250 | D:8      | Found a shadowy altar of Dithmenos.
 12736 | D:8      | Noticed bworf's ghost (novice HOFi)
 12765 | D:8      | Found Eryeclik's Neck Hole.
 13093 | D:8      | Reached skill level 10 in Air Magic
 13144 | D:8      | Found an ancient bone altar of Kikubaaqudgha.
 13377 | D:9      | Noticed a two-headed ogre
 13378 | D:9      | Noticed a two-headed ogre
 13411 | D:8      | Killed a two-headed ogre
 13412 | D:8      | Reached XP level 11. HP: 12/67 MP: 5/22
 13773 | D:9      | Killed a two-headed ogre
 13988 | D:9      | Offered knowledge of Mephitic Cloud by Vehumet.
 14676 | D:9      | Found a runed translucent door.
 14676 | D:9      | Noticed 101zpm's ghost (novice DjFE)
 14676 | D:9      | Noticed a boulder beetle
 14953 | D:9      | Noticed a manticore
 14962 | D:9      | Killed a manticore
 15061 | D:9      | Reached *** piety under Vehumet
 15062 | D:9      | Reached skill level 10 in Conjurations
 15399 | D:10     | Entered Level 10 of the Dungeon
 15719 | D:10     | Reached skill level 11 in Air Magic
 15882 | D:10     | Offered knowledge of Flame Wave by Vehumet.
 15902 | D:10     | Noticed a cyclops
 16134 | D:10     | Killed a cyclops
 16252 | D:10     | Reached skill level 1 in Shields
 16402 | D:10     | Noticed a centaur warrior
 16421 | D:10     | Killed a centaur warrior
 16702 | D:10     | HP: 2/68 [/static electricity (3)]
 17030 | D:10     | Reached XP level 12. HP: 74/74 MP: 1/24
 17949 | D:11     | Noticed a two-headed ogre
 17967 | D:11     | Killed a two-headed ogre
 18249 | D:11     | Found a transporter.
 18249 | D:11     | Found a transporter.
 18249 | D:11     | Noticed a boulder beetle
 18249 | D:11     | Noticed a boulder beetle
 18250 | D:11     | Noticed a boulder beetle
 18552 | D:11     | Reached skill level 12 in Air Magic
 18574 | D:11     | Reached **** piety under Vehumet
 18822 | D:11     | Found a staircase to the Lair.
 19472 | D:11     | Offered knowledge of Hailstorm by Vehumet.
 19737 | D:11     | Reached skill level 10 in Dodging
 20005 | Lair:1   | Entered Level 1 of the Lair of Beasts
 20625 | Lair:1   | Reached XP level 13. HP: 55/80 MP: 9/26
 20813 | Lair:1   | Reached skill level 5 in Shields
 20938 | Lair:1   | Reached ***** piety under Vehumet
 20950 | Lair:1   | Offered knowledge of Lightning Bolt by Vehumet.
 20951 | Lair:1   | Reached skill level 13 in Air Magic
 20957 | Lair:1   | Learned a level 5 spell: Lightning Bolt
 21621 | D:6      | Killed kalagan's ghost
 21724 | D:8      | Killed bworf's ghost
 21907 | D:9      | Killed 101zpm's ghost
 22365 | Lair:2   | Found a dark tunnel.
 22375 | Volcano  | Entered a volcano
 22566 | Volcano  | Reached skill level 10 in Fighting
 22806 | Volcano  | Noticed a stone giant
 22824 | Volcano  | Killed a stone giant
 23259 | Lair:2   | Found a hole to the Spider Nest.
 24992 | Lair:3   | You are sucked into a shaft and drop 3 floors!
 24992 | Lair:6   | Entered Level 6 of the Lair of Beasts
 25209 | Lair:6   | Reached skill level 14 in Air Magic
 25323 | Lair:5   | Reached XP level 14. HP: 88/88 MP: 20/28
 25340 | Lair:5   | Reached skill level 10 in Spellcasting
 25857 | Lair:5   | Found a stormy altar of Qazlal.
 27784 | Lair:4   | Found a staircase to the Swamp.
 28838 | Lair:5   | Reached skill level 15 in Air Magic
 30239 | Lair:6   | Learned a level 2 spell: Sublimation of Blood
 30884 | Lair:6   | Reached skill level 1 in Necromancy
 30966 | Lair:6   | Reached XP level 15. HP: 95/95 MP: 30/30
 30983 | Lair:6   | Found a staircase to the Slime Pits.
 31098 | Lair:6   | Reached XP level 16. HP: 100/100 MP: 15/31
 31124 | Lair:6   | Offered knowledge of Olgreb's Toxic Radiance by Vehumet.
 31254 | Lair:6   | Found a large runed translucent door.
 31257 | Lair:6   | Found a large runed translucent door.
 32130 | Lair:6   | Found a runed translucent door.
 32130 | Lair:6   | Found a shimmering altar of Xom.
 32130 | Lair:6   | Noticed mistmaker's ghost (journeyman TeAE)
 32130 | Lair:6   | Identified the +10 dire flail "Zoehe" {chaos, rC+ Int+4}
 32141 | Lair:6   | Killed mistmaker's ghost
 32178 | Lair:6   | HP: 4/101 [+10 dire flail "Zoehe" {chaos, rC+ Int+4} (3)]
 32179 | Lair:6   | Slain by a +10 dire flail "Zoehe" {chaos, rC+ Int+4}

Illustrated notes

Levels and vault maps discovered:
D:1:      dpeg_arrival_pond, layout_rooms
D:2:      minmay_inner_zag, layout_basic, minmay_tetromino_o2, uniq_robin
D:3:      layout_rooms, mainiacjoe_overflow_swirl, solitary_fountain,
          kennysheep_decorative_pillar, minmay_close_crescents, uniq_jessica
D:4:      layout_rooms, serial_shops, shop
D:5:      layout_rooms, serial_curves, eino_curves_03, eino_curves_04,
          eino_curves_04, eino_curves_01
D:6:      layout_gridville, zin_academy, kennysheep_orc_sif_temple,
          minmay_temple_entry_mist, gammafunk_ghost_split, kennysheep_diamond,
          grunt_ministairs_13, minivault_19, uniq_pikel
D:7:      layout_loops_ring, nicolae_gozag_seed_capital, nicolae_elemental_shop,
          minmay_misc_feat_rows, chequers_serial_rivers_small_3,
          minmay_misc_feat_alley
D:8:      layout_gridville, mainiacjoe_overflow_small_starburst,
          lemuel_mausoleum_altar_kikubaaqudgha, gammafunk_ghost_grave,
          enter_bailey_4, nicolae_shop_sticking_my_neck_out
D:9:      layout_loops_ring, ebering_ghost_inner_flame, minmay_strange_pillars
D:10:     minmay_bloctagon, layout_basic
D:11:     gammafunk_boulding_lane, layout_basic, erik_lair_orcish_takeover
Temple:   regret_index_temple_generic_petals
Lair:1:   layout_cave_shapes, grunt_megastairs_2
Lair:2:   layout_layer_cave, hellmonk_spider_entry_not_the_bees,
          enter_volcano_3, st_stairs_3
Lair:3:   layout_gridlike, grunt_megastairs_3, serial_bayou_shore_a
Lair:4:   layout_roguey, palyth_hydra_swamp_entry, lemuel_fruit_fields
Lair:5:   layout_loops_ring, basic_altar, minmay_shattered_shrine
Lair:6:   cheibrodos_lair_end_hotspot, layout_gridlike,
          minmay_slime_entry_oklob_open, ebering_ghost_xom, minivault_19,
          kilobyte_rumbling_trees

Skill      XL: |  1  2  3  4  5  6  7  8  9 10 11 12 13 14 15 16 |
---------------+-------------------------------------------------+-----
Conjurations   | 2 3 4 6 7 9 10 12 13 14 | 14.9
Fighting       | 1 2 3 4 5 7 8 9 10 11 | 11.7
Dodging        | 3 4 5 6 8 9 10 | 10.0
Air Magic      | 5 6 7 8 10 11 12 14 15 | 15.5
Spellcasting   | 3 4 5 6 7 8 9 10 11 | 11.0
Armour         | 1 2 4 |  4.0
Shields        | 2 4 6 8 |  8.7
Necromancy     | 1 2 |  2.3
Fire Magic     | 4 |  4.4
Ice Magic      | 3 |  3.6
Stealth        | |  2.0

Action                   |  1- 3 |  4- 6 |  7- 9 | 10-12 | 13-15 | 16-18 || total
-------------------------+-------+-------+-------+-------+-------+-------++-------
Melee: Short sword       |     1 |       |       |       |       |       ||     1
       Dagger            |       |     6 |     8 |    21 |    42 |       ||    77
       Kick              |       |     2 |       |    10 |    17 |       ||    29
       Peck              |       |     1 |       |     2 |    10 |       ||    13
Throw: Dart              |       |       |     3 |       |       |       ||     3
 Cast: Shock             |    62 |   153 |   135 |   215 |    44 |       ||   609
       Static Discharge  |       |    10 |    34 |   118 |   117 |     1 ||   280
       Airstrike         |       |       |    16 |   192 |   269 |    30 ||   507
       Lightning Bolt    |       |       |       |       |    81 |    31 ||   112
       Swiftness         |       |       |       |       |     1 |     1 ||     2
Evoke: Wand              |       |       |       |     5 |     1 |       ||     6
  Use: Scroll            |       |       |       |    18 |     6 |     1 ||    25
       Potion            |       |       |       |       |     1 |     1 ||     2
Armor: Robe              |     2 |       |       |       |       |       ||     2
       Leather armour    |       |     5 |    25 |    56 |    33 |       ||   119
Dodge: Dodged            |     6 |    20 |    47 |   236 |   109 |     5 ||   423
Block: Kite shield       |       |       |       |    65 |   118 |     4 ||   187
